 Dungeon Crawl Stone Soup version 0.22.1-1-ga44c0e5 (webtiles) character file.

1048 magicm the Firebug (level 8, -2/53 HPs)
             Began as a Human Fire Elementalist on Nov 11, 2018.
             Was a Believer of Nemelex Xobeh.
             Slain by an orc
             ... wielding a +0 dagger
              (4 damage)
             ... on level 6 of the Dungeon.
             The game lasted 00:27:13 (4282 turns).

magicm the Firebug (Human Fire Elementalist)        Turns: 4282, Time: 00:27:14

Health: -2/53      AC:  2    Str: 11    XL:     8   Next: 50%
Magic:  2/15       EV: 13    Int: 20    God:    Nemelex Xobeh [**....]
Gold:   338        SH:  0    Dex: 13    Spells: 15/16 levels left

rFire    . . .     SeeInvis .   f - +1 spear (venom)
rCold    . . .     Gourm    .   (no shield)
rNeg     . . .     Faith    .   a - +0 robe
rPois    .         Spirit   .   (no helmet)
rElec    .         Reflect  .   (no cloak)
rCorr    .         Harm     .   (no gloves)
MR       .....                  (no boots)
Stlth    ++........             (no amulet)
HPRegen  0.17/turn              o - +4 ring of intelligence
MPRegen  0.14/turn              (no ring)

@: about to teleport
A: no striking features
a: Renounce Religion


You were on level 6 of the Dungeon.
You worshipped Nemelex Xobeh.
Nemelex Xobeh was pleased with you.
You were not hungry.

You visited 1 branch of the dungeon, and saw 6 of its levels.

You collected 338 gold pieces.

Inventory:

Hand Weapons
 d - a +0 hand axe
 f - a +1 spear of venom (weapon)
Armour
 a - a +0 robe (worn)
Jewellery
 o - a +4 ring of intelligence (left hand)
Scrolls
 m - 2 scrolls of remove curse
Potions
 b - a potion of ambrosia
 e - 3 potions of curing
 g - a potion of flight
 h - 2 potions of haste {unknown}
 i - a potion of agility
 k - a potion of degeneration {unknown}
 p - a potion of lignification {unknown}
Comestibles
 c - 7 rations


   Skills:
 + Level 0.9 Fighting
 + Level 1.3 Polearms
 + Level 3.1 Dodging
 + Level 3.2 Stealth
 + Level 4.8 Spellcasting
 + Level 4.2 Conjurations
 + Level 5.5 Fire Magic
 + Level 2.2 Invocations
   Level 0.6 Evocations


You had 15 spell levels left.
You knew the following spells:

 Your Spells              Type           Power        Failure   Level  Hunger
a - Flame Tongue          Conj/Fire      ###..        1%          1    None

Your spell library contained the following spells:

 Spells                   Type           Power        Failure   Level  Hunger
 Throw Flame              Conj/Fire      ###...       2%          2    #......
 Conjure Flame            Conj/Fire      ###.....     4%          3    ##.....
 Inner Flame              Hex/Fire       ###.....     12%         3    ##.....
 Sticky Flame             Conj/Fire      ###.....     16%         4    ####...
 Fireball                 Conj/Fire      ###.......   41%         5    ######.


Dungeon Overview and Level Annotations

Branches:
Dungeon (6/15)
 Temple: D:4-7

Altars:
Dithmenos
Elyvilon
Fedhas
Kikubaaqudgha
Nemelex Xobeh
Qazlal
Sif Muna
Trog
Uskayaw
Wu Jian
The Shining One


Message History

The orc wizard hits you with a dagger. The orc wizard completely misses you.
The orc priest mumbles some strange prayers to Beogh against you.
Beogh smites you!
Casting: Flame Tongue (safe; 1% risk of failure)
Confirm with . or Enter, or press ? or * to list all spells.
Aiming: Flame Tongue (safe; 1% risk of failure)
Press: ? - help, Shift-Dir - straight line, f - orc
Aim: an orc, wearing a scale mail The flame tongue hits the orc.
The orc is severely wounded.
The orc wizard points at you and mumbles some strange words.
The puff of frost hits you!
* * * LOW HITPOINT WARNING * * *
The orc misses you.
As you read the scroll of teleportation, it crumbles to dust.
You feel strangely unstable. The orc wizard hits you with a dagger.
* * * LOW HITPOINT WARNING * * *
The orc hits you with a dagger.
You die...
Your body disappears without a glow.

.#.#.#.## _..'.#..#
.#.#.##.#####
...#........##
+#######..#..###
...... ######..##
..####..#§..##..#
......###§#.#...##
...##...#.#.###o@#
...# ####.#.#.#oo#
...######.#.#.#.o.
......>.#.#.#...<..
...###.##.#.####....
#.##...##.#.#.###....
#....####.#.#.# ....#
...### #.#.#.. ##..#
.### #.#.###


You could see an orc priest, an orc wizard and 2 orcs.

Vanquished Creatures
  Grinder (D:3)
  A sky beast (D:5)
  An ice beast (D:5)
  2 ogres
  A bullfrog (D:6)
  Blork the orc (D:4)
  A crimson imp (D:3)
  A bullfrog zombie (D:6)
  An orc priest (D:6)
  An orc wizard (D:5)
  2 worker ants
  A worker ant zombie (D:5)
  6 adders
  A shadow imp (D:5)
  An ooze (D:2)
  An adder zombie (D:5)
  An adder skeleton (D:5)
  2 dart slugs
  2 leopard geckos
  3 orcs
  A giant cockroach (D:3)
  4 goblins
  3 hobgoblins
  6 jackals (D:2)
  6 kobolds
  A quokka (D:2)
  2 ball pythons (D:2)
  5 bats
  4 frilled lizards
  8 rats
71 creatures vanquished.

Vanquished Creatures (collateral kills)
  A bullfrog skeleton (D:5)
  A worker ant (D:5)
2 creatures vanquished.

Vanquished Creatures (others)
  A worker ant (D:4)
1 creature vanquished.

Grand Total: 74 creatures vanquished

Notes
Turn   | Place    | Note
-------+----------+-------------------------------------------
     0 | D:1      | magicm the Human Fire Elementalist began the quest for the
                  | Orb.
     0 | D:1      | Reached XP level 1. HP: 13/13 MP: 3/3
   326 | D:1      | Reached XP level 2. HP: 19/19 MP: 1/5
   812 | D:2      | Reached XP level 3. HP: 20/24 MP: 1/6
   994 | D:2      | Found a sparkling altar of Nemelex Xobeh.
  1002 | D:2      | Became a worshipper of Nemelex Xobeh the Trickster
  1056 | D:2      | Received a gift from Nemelex Xobeh
  1343 | D:2      | Reached XP level 4. HP: 21/30 MP: 0/7
  1389 | D:2      | Found a white marble altar of Elyvilon.
  1614 | D:3      | Reached * piety under Nemelex Xobeh
  1630 | D:3      | Reached skill level 4 in Fire Magic
  1630 | D:3      | Reached XP level 5. HP: 30/35 MP: 1/8
  1777 | D:3      | Found an ornate altar of the Wu Jian Council.
  2015 | D:3      | Noticed Grinder
  2030 | D:3      | Killed Grinder
  2030 | D:3      | Reached skill level 1 in Invocations
  2030 | D:3      | Reached XP level 6. HP: 17/41 MP: 0/11
  2360 | D:4      | Found a hide-covered altar of Uskayaw.
  2360 | D:4      | Found a glowing golden altar of the Shining One.
  2449 | D:4      | Noticed Blork the orc
  2462 | D:4      | Killed Blork the orc
  2462 | D:4      | Reached XP level 7. HP: 30/46 MP: 3/12
  2467 | D:4      | Found a deep blue altar of Sif Muna.
  2503 | D:4      | Found a bloodstained altar of Trog.
  2504 | D:4      | Received a gift from Nemelex Xobeh
  2716 | D:4      | Reached skill level 1 in Polearms
  2744 | D:4      | Found a stormy altar of Qazlal.
  3528 | D:5      | Entered Level 5 of the Dungeon
  3569 | D:5      | Reached skill level 5 in Fire Magic
  3572 | D:5      | Reached XP level 8. HP: 14/53 MP: 7/14
  3704 | D:5      | Reached ** piety under Nemelex Xobeh
  3717 | D:5      | Found a blossoming altar of Fedhas.
  4065 | D:5      | Noticed a fire elemental
  4067 | D:5      | Found a stormy altar of Qazlal.
  4069 | D:5      | Noticed an air elemental
  4078 | D:5      | Noticed a water elemental
  4125 | D:5      | Found a shadowy altar of Dithmenos.
  4231 | D:6      | Found an ancient bone altar of Kikubaaqudgha.
  4282 | D:6      | HP: 2/53 [orc wizard/dagger (3)]
  4282 | D:6      | Slain by an orc

Skill      XL: |  1  2  3  4  5  6  7  8 |
---------------+-------------------------+-----
Conjurations   | 2 3 4 |  4.2
Fire Magic     | 4 5 |  5.5
Spellcasting   | 3 4 |  4.8
Invocations    | 1 2 |  2.2
Polearms       | 1 |  1.3
Stealth        | 3 |  3.2
Dodging        | 3 |  3.1
Fighting       | |  0.9
Evocations     | |  0.6

Action                   |  1- 3 |  4- 6 |  7- 9 || total
-------------------------+-------+-------+-------++-------
Melee: Hand axe          |     1 |       |       ||     1
       Spear             |     8 |     9 |     9 ||    26
 Cast: Flame Tongue      |    48 |    44 |    48 ||   140
Evoke: Deck              |     9 |       |    10 ||    19
       Wand              |       |       |    24 ||    24
  Use: Scroll            |     7 |     3 |     3 ||    13
  Eat: Ration            |     1 |     1 |     2 ||     4
Armor: Robe              |     4 |     2 |     6 ||    12
Dodge: Dodged            |    21 |    10 |    27 ||    58
